 Seeded DCSS version 0.30.0-29-ga12c61a403 (webtiles) character file.

Game seed: 18007716519941398942 (custom seed)

4 Dadbod the Shield-Bearer (level 1, 18/18 HPs)
             Began as a Formicid Fighter on June 5, 2023.
             Quit the game on level 1 of the Dungeon.
             The game lasted 00:02:13 (101 turns).

Dadbod the Shield-Bearer (Formicid Fighter)          Turns: 101, Time: 00:02:14

Health: 18/18      AC:  6    Str: 20    XL:     1   Next: 77%
Magic:  1/1        EV:  9    Int:  7    God:
Gold:   0          SH:  5    Dex: 13    Spells: 0/0 levels left

rFire   . . .        a - +0 trident
rCold   . . .        c - +0 buckler
rNeg    + + .        b - +0 scale mail
rPois   +            (helmet unavailable)
rElec   +            (no cloak)
rCorr   .            (no gloves)
SInv    +            (no boots)
Will    +....        e - amulet "Jiatopagor" {rElec rPois rN++ Will+ Regen+} Stlth
                     (no ring)
HPRegen 1.03/turn    (no ring)
MPRegen 0.07/turn

%: no passive effects
@: studying Poison Magic
A: permanent stasis, dig shafts and tunnels, antennae 3, four strong arms
a: Dig, Shaft Self


You were on level 1 of the Dungeon.
You visited 1 branch of the dungeon, and saw 1 of its levels.

Inventory:

Hand Weapons
 a - a +0 trident (weapon)
Armour
 b - a +0 scale mail (worn)
 c - a +0 buckler (worn)
Jewellery
 e - the amulet "Jiatopagor" (around neck) {rElec rPois rN++ Will+ Regen+}
   (You acquired it on level 1 of the Dungeon)

   [amulet of regeneration]

   rElec:     It insulates you from electricity.
   rPois:     It protects you from poison.
   rN:        It greatly protects you from negative energy.
   Regen:     It increases your rate of health regeneration.
   Will:      It increases your willpower.
 f - the amulet of the Leaf {RegenMP rElec rPois Int-5 Dex+6}
   (You acquired it on level 1 of the Dungeon)

   [amulet of magic regeneration]

   It increases your rate of magic regeneration.
   Int:       It affects your intelligence (-5).
   Dex:       It affects your dexterity (+6).
   rElec:     It insulates you from electricity.
   rPois:     It protects you from poison.
Potions
 d - a potion of might


   Skills:
 + Level 3.4 Fighting
 + Level 2.0 Polearms
 + Level 3.3 Armour
 + Level 4.2 Shields


You couldn't memorise any spells.
You didn't know any spells.
Your spell library was empty.

Dungeon Overview and Level Annotations

Branches:
Dungeon (1/15)

Altars:


Innate Abilities, Weirdness & Mutations

You cannot be hasted, slowed, berserked, paralysed or teleported.
You can dig through walls and to a lower floor.
You have a pair of large antennae on your head. (SInv)
Your four strong arms can wield two-handed weapons with a shield.


Message History

You sense a monster nearby.
A goblin comes into view. It is wielding a +0 dagger.
You see here a scroll labelled UNKIPPOYZU.
You hit the goblin.
The goblin is severely wounded.
You block the goblin's attack.
You barely miss the goblin.
The goblin is heavily wounded.
You block the goblin's attack. The goblin hits you but does no damage.
You closely miss the goblin.
The goblin is heavily wounded.
The goblin hits you but does no damage.
You puncture the goblin!
You kill the goblin!
You see here a +0 dagger.
An endoplasm and a frilled lizard come into view.
Found 3 scrolls labelled DICAOL JAOKK.
The endoplasm quivers.
You puncture the endoplasm!
You kill the endoplasm!
The frilled lizard bites you but does no damage.
You closely miss the frilled lizard. The frilled lizard bites you.
You puncture the frilled lizard!
You kill the frilled lizard!
e - 3 scrolls labelled DICAOL JAOKK This is a scroll of acquirement!
Something appears at your feet!
f - the amulet of the Leaf {RegenMP rElec rPois Int-5 Dex+6} You see here a manual of Poison Magic.
Something appears at your feet!
You pick up a manual of Poison Magic and begin studying.
Something appears at your feet!
e - the amulet "Jiatopagor" {rElec rPois rN++ Will+ Regen+} You start putting on your amulet.
You continue putting on the amulet "Jiatopagor" {rElec rPois rN++ Will+ Regen+}. x5
You finish putting on the amulet "Jiatopagor" {rElec rPois rN++ Will+ Regen+}.
The amulet "Jiatopagor" throbs as it attunes itself to your uninjured body.
e - the amulet "Jiatopagor" (around neck) {rElec rPois rN++ Will+ Regen+} You aren't carrying any scrolls.
Unknown command.
Are you sure you want to abandon this character and quit the game? (Confirm with "yes".)

.............
..##.#.######
.# #.#.# .
#.#.# #.#..
#.### #######
#.# #.. ..#
###.##### #.#
#.# #......)#
#.# #@#
#.#.##.## #.#
#.# #.#..#.#
##.###.#{ #
##.#.#
#...)..# .#.#
#.?###.# {
.#.# #..# #.#
.#.# #..# ###
#.# #..# #.#
#..#


There were no monsters in sight!

Vanquished Creatures
  An endoplasm (D:1)
  A goblin (D:1)
  A hobgoblin (D:1)
  A frilled lizard (D:1)
4 creatures vanquished.

Notes
Turn   | Place    | Note
-------+----------+-------------------------------------------
     0 | D:1      | Dadbod the Formicid Fighter began the quest for the Orb.
     0 | D:1      | Reached XP level 1. HP: 18/18 MP: 1/1
    90 | D:1      | Identified 3 scrolls of acquirement
    90 | D:1      | Acquired the amulet of the Leaf {RegenMP rElec rPois Int-5
                  | Dex+6}
    92 | D:1      | Acquired a manual of Poison Magic
    94 | D:1      | Acquired the amulet "Jiatopagor" {rElec rPois rN++ Will+
                  | Regen+}
   101 | D:1      | Quit the game

Illustrated notes

Levels and vault maps discovered:
D:1:      psy_arrival_dodecagon, layout_basic,
          dreamdust_ecumenical_altar_sealed_demon

Action                     || total
---------------------------++-------
  Melee: Trident           ||    10
    Use: Scroll            ||     3
 Armour: Scale mail        ||     5
  Block: Buckler           ||     2
